[ AOE2 MATCH · #476278329 ]
UnrankedFranks vs Koreans
[ REPLAY ANALYSIS · EXTRACTED FROM THE RECORDED GAME ]
Feudal
—
Castle
—
Imperial
—
| APM avg | 88.2 |
| APM peak | 95 |
| eAPM avg | 55.9 |
| Villagers / military | 3 / 0 |
Focus
⚔️ 0.0% · 🌾 100.0%
Feudal
—
Castle
—
Imperial
—
| APM avg | 21.0 |
| APM peak | 24 |
| eAPM avg | 14.0 |
| Villagers / military | 4 / 0 |
Focus
⚔️ 15.4% · 🌾 84.6%
Feudal
—
Castle
—
Imperial
—
| APM avg | 40.2 |
| APM peak | 46 |
| eAPM avg | 25.3 |
| Villagers / military | 6 / 0 |
Focus
⚔️ 19.0% · 🌾 81.0%
Feudal
—
Castle
—
Imperial
—
| APM avg | 68.1 |
| APM peak | 75 |
| eAPM avg | 39.3 |
| Villagers / military | 6 / 0 |
Focus
⚔️ 5.9% · 🌾 94.1%
Feudal
—
Castle
—
Imperial
—
| APM avg | 54.2 |
| APM peak | 55 |
| eAPM avg | 24.5 |
| Villagers / military | 4 / 0 |
Focus
⚔️ 0.0% · 🌾 100.0%
Feudal
—
Castle
—
Imperial
—
| APM avg | 13.1 |
| APM peak | 15 |
| eAPM avg | 13.1 |
| Villagers / military | 7 / 0 |
Focus
⚔️ 25.0% · 🌾 75.0%
Feudal
—
Castle
—
Imperial
—
| APM avg | 8.7 |
| APM peak | 10 |
| eAPM avg | 7.9 |
| Villagers / military | 4 / 0 |
Focus
⚔️ 0.0% · 🌾 100.0%
Feudal
—
Castle
—
Imperial
—
| APM avg | 45.4 |
| APM peak | 51 |
| eAPM avg | 27.1 |
| Villagers / military | 6 / 0 |
Focus
⚔️ 5.3% · 🌾 94.7%
Match map
Initial resources + every placement click. Lines = walls · curves = elevation contours. ◆ gold · ⬟ stone · ● berries · ✦ relic · ◌ wall gap
Your base
Kortsko's base
WizdomTurtle's base
SIRTLAYIP GÖTÜRÜCÜ's base
TheTitanicSwimTeam's base
onurC's base
LESLIE's base
Fıstıkçı Şahap's base
Smoothed initial terrain · ◌ = detected wall gap · hover for details
Inputs per minute
— Shif - - Kortsko
Build order — Shif
6 actions detected in the replay
| 0:05 | Queue | Villager (Male) |
| 0:05 | Queue | Villager (Male) |
| 0:05 | Queue | Villager (Male) |
| 0:08 | Build | House |
| 1:04 | Build | House |
| 1:07 | Build | House |
Build order — Kortsko
8 actions detected in the replay
| 0:09 | Build | House |
| 0:10 | Build | House |
| 0:14 | Build | House |
| 0:16 | Build | House |
| 0:25 | Queue | Villager (Male) |
| 0:25 | Queue | Villager (Male) |
| 0:25 | Queue | Villager (Male) |
| 0:26 | Queue | Villager (Male) |
Build order — WizdomTurtle
10 actions detected in the replay
| 0:03 | Queue | Villager (Male) |
| 0:03 | Queue | Villager (Male) |
| 0:04 | Queue | Villager (Male) |
| 0:05 | Build | House |
| 0:06 | Build | House |
| 0:14 | Build | House |
| 0:16 | Build | House |
| 0:19 | Queue | Villager (Male) |
| 0:23 | Queue | Villager (Male) |
| 0:24 | Queue | Villager (Male) |
Build order — SIRTLAYIP GÖTÜRÜCÜ
6 actions detected in the replay
| 0:03 | Build | House |
| 0:04 | Build | House |
| 0:05 | Queue | Villager (Male) ×4 |
| 0:12 | Queue | Villager (Male) |
| 0:12 | Queue | Villager (Male) |
| 0:18 | Build | House |
Build order — TheTitanicSwimTeam
7 actions detected in the replay
| 0:04 | Queue | Villager (Male) |
| 0:04 | Queue | Villager (Male) |
| 0:05 | Build | House |
| 0:06 | Build | House |
| 0:29 | Build | House |
| 0:31 | Queue | Villager (Male) |
| 0:32 | Queue | Villager (Male) |
Build order — onurC
9 actions detected in the replay
| 0:03 | Queue | Villager (Male) |
| 0:03 | Queue | Villager (Male) |
| 0:03 | Queue | Villager (Male) |
| 0:04 | Queue | Villager (Male) |
| 0:16 | Queue | Villager (Male) |
| 0:17 | Queue | Villager (Male) |
| 0:18 | Queue | Villager (Male) |
| 0:27 | Build | House |
| 0:34 | Build | House |
Build order — LESLIE
6 actions detected in the replay
| 0:04 | Research | Loom |
| 0:05 | Queue | Villager (Male) |
| 0:05 | Queue | Villager (Male) |
| 0:05 | Queue | Villager (Male) |
| 0:06 | Queue | Villager (Male) |
| 0:09 | Build | House |
Build order — Fıstıkçı Şahap
8 actions detected in the replay
| 0:02 | Queue | Villager (Male) ×4 |
| 0:03 | Build | House |
| 0:04 | Build | House |
| 0:13 | Build | House |
| 0:15 | Build | House |
| 0:29 | Research | Loom |
| 0:32 | Queue | Villager (Male) |
| 0:32 | Queue | Villager (Male) |
Match timeline
| 0:15 | LESLIE · resign |
[ AI ANALYSIS · 1 CREDIT ]
What really happened in this match?
Wolo.gg analyzes every decision: build order, eco, micro, common mistakes by bracket. Personalized analysis on WhatsApp or Discord in 30 seconds.
Civ guide
Franks
Perfil
Jugador #7368832